 Dungeon Crawl Stone Soup version 0.24.0-13-gcf9b319 (webtiles) character file.

Game seed: 17472528357300254147, levelgen mode: deterministic

9 Bronimir the Magician (level 2, 0/16 HPs)
             Began as a Tengu Wizard on Mar 5, 2020.
             Succumbed to a kobold's poison
             ... on level 1 of the Dungeon.
             The game lasted 00:02:08 (457 turns).

Bronimir the Magician (Tengu Wizard)                 Turns: 457, Time: 00:02:09

Health: 0/16       AC:  2    Str:  7    XL:     2   Next: 12%
Magic:  2/7        EV: 15    Int: 23    God:
Gold:   36         SH:  0    Dex: 12    Spells: 6/7 levels left

rFire    . . .     SeeInvis .   e - +0 club
rCold    . . .     Gourm    .   (no shield)
rNeg     . . .     Faith    .   a - +0 robe
rPois    .         Spirit   .   b - +0 hat
rElec    .         Reflect  .   (no cloak)
rCorr    .         Harm     .   (no gloves)
MR       .....                  (boots unavailable)
Stlth    ++........             (no amulet)
HPRegen  0.05/turn              (no ring)
MPRegen  0.10/turn              (no ring)

@: brilliant, lethally poisoned (0 -> -4), flying quickly and evasively, very
slightly contaminated, invisible, quick
A: beak, talons 3
a: no special abilities


You were on level 1 of the Dungeon.
You were not hungry.

You visited 1 branch of the dungeon, and saw 1 of its levels.

You collected 36 gold pieces.

Inventory:

Hand Weapons
 e - a +0 club (weapon)
Missiles
 i - 34 sling bullets
Armour
 a - a +0 robe (worn)
 b - a +0 hat (worn)
Potions
 h - a potion of flight
Comestibles
 d - 2 rations
 f - 2 chunks of flesh


   Skills:
 * Level 0.3 Fighting
 * Level 1.2 Armour
 + Level 2.1 Dodging
 - Level 2.0 Stealth
 + Level 3.1 Spellcasting
 * Level 1.4 Conjurations
   Level 1.2 Summonings
   Level 0.7 Translocations


You had 6 spell levels left.
You knew the following spells:

 Your Spells              Type           Power        Failure   Level  Hunger
a - Magic Dart            Conj           ###.         1%          1    None

Your spell library contained the following spells:

 Spells                   Type           Power        Failure   Level  Hunger
 Blink                    Tloc           N/A          1%          2    ##.....
 Call Imp                 Summ           ###.....     1%          2    ##.....
 Slow                     Hex            ###.....     2%          2    ##.....
 Conjure Flame            Conj/Fire      ###.....     3%          3    ###....
 Mephitic Cloud           Conj/Pois/Air  ###.....     3%          3    ###....


Dungeon Overview and Level Annotations

Branches:
Dungeon (1/15)

Altars:


Innate Abilities, Weirdness & Mutations

You have a beak for a mouth.
You have claws for feet.


Message History

It was a potion of brilliance.
You feel clever all of a sudden.
* * * LOW HITPOINT WARNING * * *
You feel sick. The jackal barely misses you.
It was a potion of flight.
You feel very buoyant.
You swoop lightly up into the air.
The jackal completely misses you. The jackal misses you.
Okay, then.
The jackal barks!
You hit the jackal. Your kick misses the jackal. Your peck misses the jackal.
The jackal is heavily wounded.
You aren't carrying any scrolls.
There is a lethal amount of poison in your body!
There is a lethal amount of poison in your body!
* * * LOW HITPOINT WARNING * * *
You feel sick.
* * * LOW HITPOINT WARNING * * *
You feel sick.
You die...

#♣..# ♣♣ ♣♣♣...# .♣ ♣.
...# ?♣. ...# ♣.♣
♣..#### ## ♣@♣ ♣.....
...#. . #♣.♣# #♣.##.#
#...
.(♣♣♣...♣♣♣...#.#####.#
#........÷.............
#.###..#..#####...####
.................####
...####.#######.....###
#.## #...# #..##...# #
#.#.# ##.####.#


There were no monsters in sight!

Vanquished Creatures
  A dart slug (D:1)
  3 goblins (D:1)
  A bat (D:1)
  A frilled lizard (D:1)
  A kobold (D:1)
  A rat (D:1)
8 creatures vanquished.

Notes
Turn   | Place    | Note
-------+----------+-------------------------------------------
     0 | D:1      | Bronimir the Tengu Wizard began the quest for the Orb.
     0 | D:1      | Reached XP level 1. HP: 10/10 MP: 5/5
   376 | D:1      | Reached skill level 1 in Armour
   413 | D:1      | Reached XP level 2. HP: 15/15 MP: 4/7
   457 | D:1      | Succumbed to a kobold's poison

Levels and vault maps discovered:
D:1:      tarquinn_simple_flora_water_c, layout_rooms, minmay_stone_trees_medium

Skill      XL: |  1 |
---------------+----+-----
Armour         | 1 |  1.2
Fighting       | |  0.3
Dodging        | |  2.1
Stealth        | |  2.0
Spellcasting   | |  3.1
Conjurations   | |  1.4
Summonings     | |  1.2
Translocations | |  0.7

Action                   || total
-------------------------++-------
Melee: Unarmed           ||     9
       Club              ||     3
       Peck              ||     2
       Kick              ||     1
 Cast: Magic Dart        ||    15
  Use: Potion            ||     3
Armor: Robe              ||     5
Dodge: Dodged            ||    17
